 Dungeon Sprint DCSS version 0.29.1-12-g30fa7ad0bf (webtiles) character file.

Game seed: 3966396340507425220

3441 boopmooplesden the Fencer (level 9, -2/101 HPs)
             Began as a Minotaur Berserker on Dec 13, 2022.
             Was a High Priest of Trog.
             Slain by a catoblepas (24 damage)
             ... in the Dungeon (Sprint IX: "|||||||||||||||||||||||||||||").
             The game lasted 00:01:57 (747 turns).

boopmooplesden the Fencer (Minotaur Berserker)       Turns: 747, Time: 00:01:58

Health: -2/101     AC: 18    Str: 21    XL:     9   Next: 77%
Magic:  8/8        EV: 12    Int:  4    God:    Trog [*****.]
Gold:   0          SH:  0    Dex: 15    Spells: 8/8 levels left

rFire   . . .      SeeInvis .   k - +6 scimitar (flame)
rCold   . . .      Faith    .   (no shield)
rNeg    . . .      Spirit   .   o - +2 plate armour
rPois   .          Reflect  .   (helmet restricted)
rElec   .          Harm     .   (no cloak)
rCorr   .          Rampage  .   (no gloves)
Will    .....      NoTele   +   (no boots)
Stlth   ..........              (no amulet)
HPRegen 0.26/turn               m - +2 ring of evasion
MPRegen 0.11/turn               n - +2 ring of protection

@: lethally poisoned (-2 -> -3), on berserk cooldown, slowed, very slow
A: horns 2, retaliatory headbutt
a: Renounce Religion, Berserk, Trog's Hand, Brothers in Arms


You were in the Dungeon.
You worshipped Trog.
Trog was extremely pleased with you.
You visited 1 branch

Inventory:

Hand Weapons
 a - a +0 falchion
 k - a +6 scimitar of flaming (weapon)
Armour
 b - a +0 animal skin
 l - a +1 chain mail of willpower
 o - a +2 plate armour (worn)
Jewellery
 m - a +2 ring of evasion (left hand)
 n - a +2 ring of protection (right hand)
Wands
 j - a wand of roots (10)
Scrolls
 h - 4 scrolls of blinking
Potions
 c - 8 potions of curing
 d - 5 potions of heal wounds
 e - 2 potions of haste
 f - 4 potions of magic
 g - 2 potions of berserk rage
 i - a potion of invisibility
Miscellaneous
 p - a box of beasts


   Skills:
 + Level 16.5 Fighting
 + Level 17.5 Long Blades
 + Level 10.3 Armour
 + Level 7.7 Dodging
 + Level 1.6 Stealth


You had 8 spell levels left.
You didn't know any spells.
Your spell library was empty.

Dungeon Overview and Level Annotations

Branches:
Dungeon (1/1)

Altars:
Cheibriados
Dithmenos
Elyvilon
Fedhas
Gozag
Hepliaklqana
Kikubaaqudgha
Makhleb
Nemelex Xobeh
Okawaru
Qazlal
Ru
Sif Muna
Trog
Uskayaw
Vehumet
Wu Jian
Xom
Yredelemnul
Zin
The Shining One
Jiyva
Lugonu


Innate Abilities, Weirdness & Mutations

You have a pair of horns on your head.
You reflexively headbutt those who attack you in melee.


Message History

You slash the catoblepas! You burn the catoblepas. You headbutt the catoblepas.
The catoblepas is moderately wounded.
You are engulfed in calcifying dust.
You are slowing down.
You feel sick. The catoblepas gores you!!
You hit the catoblepas. You burn the catoblepas.
The catoblepas is moderately wounded.
You are engulfed in calcifying dust.
Your limbs have turned to stone.
You feel sick.
The catoblepas breathes a plume of calcifying dust at you.
The blast of calcifying dust hits you but does no damage.
The catoblepas breathes a plume of calcifying dust at you.
The blast of calcifying dust hits you but does no damage.
You have turned to stone.
The catoblepas gores you.
The catoblepas gores you but does no damage.
The catoblepas gores you!
The catoblepas breathes a plume of calcifying dust at you.
The blast of calcifying dust hits you but does no damage.
You are engulfed in calcifying dust.
The catoblepas gores you but does no damage.
You are engulfed in calcifying dust.
The catoblepas gores you!
You are engulfed in calcifying dust.
The catoblepas breathes a plume of calcifying dust at you.
The blast of calcifying dust hits you but does no damage.
The catoblepas gores you but does no damage.
The catoblepas gores you. The catoblepas gores you!
You turn to flesh and can move again.
Unknown command.
Unknown command.
Unknown command.
You slice the catoblepas!! You burn the catoblepas.
The catoblepas is heavily wounded.
You feel sick. The catoblepas gores you!!
* * * LOW HITPOINT WARNING * * *
You slice the catoblepas!! You burn the catoblepas.
The catoblepas is severely wounded.
You feel sick. The catoblepas gores you!!
You die...

▓▓▓▓▓▓▓▓▓▓▓▓▓▓▓▓▓▓▓▓▓▓▓▓▓▓▓▓▓▓▓▓▓
______________________'....†)....
▓▓▓▓▓▓▓▓▓▓▓▓▓▓▓▓▓▓▓▓▓▓▓▓▓▓▓▓▓▓▓▓▓
.................................
▓▓▓▓▓▓▓▓▓▓▓▓▓▓▓▓▓▓▓▓▓▓▓▓▓▓▓▓▓▓▓▓▓
....llY@§§.§..).(.....'.
▓▓▓▓▓▓▓▓▓▓▓▓▓▓▓▓▓▓▓▓▓▓▓▓


You could see a catoblepas and 2 komodo dragons.

Vanquished Creatures
  A hydra (D)
  A two-headed ogre (D)
  An ugly thing (D)
  A cane toad (D)
  An efreet (D)
  A meliai (D)
  A yak (D)
  A basilisk (D)
  An acid dragon (D)
  2 orc warriors (D)
  2 centaurs (D)
  3 bullfrogs (D)
  A kobold brigand (D)
  A necrophage (D)
  A hound (D)
  A jelly (D)
  An adder (D)
  An orc (D)
  2 goblins (D)
  A quokka (D)
  A frilled lizard (D)
  A rat (D)
27 creatures vanquished.

Vanquished Creatures (others)
  An orc wizard (D)
1 creature vanquished.

Grand Total: 28 creatures vanquished

Notes
Turn   | Place    | Note
-------+----------+-------------------------------------------
     0 | D        | boopmooplesden the Minotaur Berserker began the quest for
                  | the Orb.
     0 | D        | Reached XP level 1. HP: 19/19 MP: 0/0
     5 | D        | Reached skill level 4 in Long Blades
     9 | D        | Reached ** piety under Trog
    22 | D        | Noticed a hound
    22 | D        | Noticed a necrophage
    22 | D        | Noticed a jelly
    27 | D        | Killed a jelly
    27 | D        | Reached *** piety under Trog
    28 | D        | Reached skill level 6 in Long Blades
    28 | D        | Reached XP level 2. HP: 30/30 MP: 1/1
    28 | D        | Reached XP level 3. HP: 37/37 MP: 2/2
    29 | D        | Killed a necrophage
    30 | D        | Reached skill level 7 in Long Blades
    30 | D        | Reached XP level 4. HP: 47/47 MP: 3/3
    33 | D        | Reached skill level 8 in Long Blades
    41 | D        | Found a snail-covered altar of Cheibriados.
    41 | D        | Found a shadowy altar of Dithmenos.
    41 | D        | Found a white marble altar of Elyvilon.
    41 | D        | Found a blossoming altar of Fedhas.
    41 | D        | Found an opulent altar of Gozag.
    42 | D        | Found a hazy altar of Hepliaklqana.
    43 | D        | Found a viscous altar of Jiyva.
    58 | D        | Found an ancient bone altar of Kikubaaqudgha.
    59 | D        | Found a corrupted altar of Lugonu.
    60 | D        | Found a burning altar of Makhleb.
    67 | D        | Found a sparkling altar of Nemelex Xobeh.
    68 | D        | Found an iron altar of Okawaru.
    69 | D        | Found a stormy altar of Qazlal.
    70 | D        | Found a sacrificial altar of Ru.
    71 | D        | Found a shimmering blue altar of Sif Muna.
    72 | D        | Found a bloodstained altar of Trog.
    73 | D        | Found a hide-covered altar of Uskayaw.
    74 | D        | Found a radiant altar of Vehumet.
    75 | D        | Found an ornate altar of the Wu Jian Council.
    76 | D        | Found a shimmering altar of Xom.
    77 | D        | Found a basalt altar of Yredelemnul.
    78 | D        | Found a glowing silver altar of Zin.
    79 | D        | Found a glowing golden altar of the Shining One.
   118 | D        | Noticed a kobold brigand
   118 | D        | Noticed a centaur
   118 | D        | Noticed a centaur
   118 | D        | Noticed an orc warrior
   118 | D        | Noticed an orc warrior
   126 | D        | Killed an orc warrior
   126 | D        | Reached **** piety under Trog
   127 | D        | Reached skill level 9 in Long Blades
   127 | D        | Reached skill level 5 in Armour
   127 | D        | Reached XP level 5. HP: 58/58 MP: 4/4
   131 | D        | Killed an orc warrior
   132 | D        | Reached skill level 10 in Fighting
   132 | D        | Reached skill level 10 in Long Blades
   132 | D        | Reached XP level 6. HP: 62/67 MP: 5/5
   139 | D        | Reached skill level 11 in Long Blades
   139 | D        | Reached skill level 5 in Dodging
   145 | D        | Reached skill level 12 in Long Blades
   145 | D        | Reached XP level 7. HP: 35/75 MP: 6/6
   325 | D        | Noticed a two-headed ogre
   325 | D        | Noticed an efreet
   325 | D        | Noticed a meliai
   325 | D        | Noticed a white ugly thing
   325 | D        | Noticed an eight-headed hydra
   329 | D        | Killed a five-headed hydra
   330 | D        | Reached skill level 14 in Long Blades
   330 | D        | Reached skill level 1 in Stealth
   330 | D        | Reached XP level 8. HP: 77/86 MP: 7/7
   334 | D        | Killed a white ugly thing
   335 | D        | Reached skill level 15 in Long Blades
   337 | D        | Reached ***** piety under Trog
   339 | D        | Killed a meliai
   344 | D        | Killed an efreet
   345 | D        | Reached skill level 15 in Fighting
   345 | D        | Reached XP level 9. HP: 53/97 MP: 8/8
   348 | D        | Killed a two-headed ogre
   349 | D        | Reached skill level 16 in Long Blades
   705 | D        | Noticed a cane toad
   710 | D        | Noticed a komodo dragon
   714 | D        | Reached skill level 17 in Long Blades
   714 | D        | Noticed a komodo dragon
   716 | D        | Noticed a catoblepas
   716 | D        | Killed a cane toad
   717 | D        | Reached skill level 10 in Armour
   720 | D        | Received a gift from Trog
   747 | D        | Slain by a catoblepas

Illustrated notes

Levels and vault maps discovered:
D:        linesprint [early_d, line_temple, items_1, d_10, items_2, lair_1,
          lair_end, items_3, orc_1, orc_end, items_4, d_15, swamp_1, shoals_1,
          snake_1, spider_1, d_20, vaults_1, items_5, swamp_end, shoals_end,
          snake_end, spider_end, vaults_end, d_27, items_6, zot_1, zot_end,
          crypt_end, forest_end, elf_end, slime_end, tomb_end, abyss_end,
          pan_hell_end]

Skill      XL: |  1  2  3  4  5  6  7  8  9 |
---------------+----------------------------+-----
Fighting       | 6 7 9 10 11 13 15 16 | 16.5
Long Blades    | 6 7 9 10 12 14 15 17 | 17.5
Armour         | 3 4 5 6 7 9 10 | 10.3
Dodging        | 3 4 5 6 7 |  7.7
Stealth        | 1 |  1.6

Action                   |  1- 3 |  4- 6 |  7- 9 || total
-------------------------+-------+-------+-------++-------
Melee: Falchion          |    17 |     6 |       ||    23
       Headbutt          |     2 |     3 |     8 ||    13
       Scimitar          |       |    21 |    39 ||    60
Invok: Berserk           |     1 |     1 |     2 ||     4
  Use: Scroll            |       |       |     6 ||     6
 Stab: Petrifying        |       |       |     1 ||     1
Armor: Animal skin       |     1 |     1 |       ||     2
       Chain mail        |       |    16 |     6 ||    22
       Plate armour      |       |       |     9 ||     9
Dodge: Dodged            |    10 |    13 |    16 ||    39
